 Dungeon Crawl Stone Soup version 0.21-a0-630-g344d351 (webtiles) character file.

217 Doomer the Poker (level 5, -7/41 HPs)
             Began as a Merfolk Gladiator on Dec 26, 2017.
             Was a Believer of Yredelemnul.
             Killed from afar by Ijyb (21 damage)
             ... with a wand of acid (6)
             ... on level 3 of the Dungeon.
             The game lasted 00:06:19 (2887 turns).

Doomer the Poker (Merfolk Gladiator)                Turns: 2887, Time: 00:06:20

Health: -7/41      AC:  0    Str: 15    XL:     5   Next: 94%
Magic:  5/5        EV: 15    Int:  8    God:    Yredelemnul [**....]
Gold:   178        SH:  0    Dex: 23    Spells: 4/4 levels left

rFire    . . .     SeeInvis .   a - +0 trident
rCold    . . .     Gourm    .   (no shield)
rNeg     . . .     Faith    .   b - +0 leather armour
rPois    .         Spirit   .   c - +0 helmet
rElec    .         Reflect  .   (no cloak)
rCorr    .         Harm     .   (no gloves)
MR       .....                  (no boots)
Stlth    ++........             (no amulet)
HPRegen  0.13/turn              m - +2 ring of dexterity
MPRegen  0.09/turn              p - +6 ring of dexterity

@: corroded, drained
A: change form in water, swift swim, stealthy swim
a: Animate Remains, Recall Undead Slaves, Injury Mirror, Renounce Religion


You were on level 3 of the Dungeon.
You worshipped Yredelemnul.
Yredelemnul was pleased with you.
You were hungry.

You visited 1 branch of the dungeon, and saw 3 of its levels.

You collected 178 gold pieces.

Inventory:

Hand Weapons
 a - a +0 trident (weapon)
Missiles
 d - 3 throwing nets (quivered)
Armour
 b - a +0 leather armour (worn)
 c - a +0 helmet (worn)
Jewellery
 m - a +2 ring of dexterity (left hand)
 p - a +6 ring of dexterity (right hand)
Scrolls
 g - a scroll of teleportation {unknown}
 i - 4 scrolls of identify {unknown}
 n - 2 scrolls of enchant weapon {unknown}
 r - a scroll of immolation {unknown}
 s - a scroll of amnesia {unknown}
Potions
 e - a potion of ambrosia {unknown}
 h - 2 potions of magic {unknown}
 j - a potion of agility {unknown}
 k - a potion of resistance {unknown}
 l - 2 potions of experience {unknown}
 o - 2 potions of invisibility {unknown}
 q - a potion of haste {unknown}
Comestibles
 f - 7 rations


   Skills:
 + Level 3.1(2.6) Fighting
 + Level 6.8(6.2) Polearms
 + Level 2.1(1.6) Throwing
 + Level 1.1(0.7) Armour
 + Level 5.1(4.5) Dodging
 + Level 2.0(1.5) Stealth
 * Level 0.4(0.0) Invocations


You had 4 spell levels left.
You didn't know any spells.

Dungeon Overview and Level Annotations

Branches:
Dungeon (3/15)

Altars:
Elyvilon
Nemelex Xobeh
Ru
Trog
Yredelemnul
Zin
The Shining One

Annotations:
D:3 Ijyb


Message History

Ijyb is moderately wounded.
Ijyb zaps a wand.
The bolt of acid hits you! The acid corrodes you!
You are splashed with acid!
The acid burns!
It is a wand of acid (6).
You are too injured to fight recklessly!
You are too injured to fight recklessly!
You are too injured to fight recklessly!
You are too injured to fight recklessly!
You hit Ijyb.
Ijyb is heavily wounded.
Ijyb barely misses you.
You barely miss Ijyb.
Ijyb is heavily wounded.
Ijyb hits you with a dagger of draining.
You feel drained.
You hit Ijyb.
Ijyb is heavily wounded.
Ijyb zaps a wand.
The bolt of acid hits you!
Ouch! That really hurt!
You die...
Your body rises from the dead as a mindless zombie.

##.#.......≈
#.<.......≈
#####)...≈≈
##....≈≈
###########.....≈≈
#.....()(.......≈≈
#.#########...≈.≈≈
#.# ##.≈≈≈≈§ #@#
##..≈≈≈ #g# #....≈
#S# #..... #.!
#..... ### #.)...
#(.... #.....
#..... #####.....


You could see Ijyb and an adder.

Vanquished Creatures
  An orc priest (D:3)
  10 adders
  2 worms (D:2)
  2 dart slugs
  A leopard gecko (D:2)
  5 orcs (D:3)
  10 bats
  3 giant cockroaches
  9 goblins
  5 hobgoblins
  13 jackals
  A quokka (D:3)
  5 frilled lizards
  10 kobolds
  6 rats
83 creatures vanquished.

Notes
Turn   | Place    | Note
-------+----------+-------------------------------------------
     0 | D:1      | Doomer the Merfolk Gladiator began the quest for the Orb.
     0 | D:1      | Reached XP level 1. HP: 16/16 MP: 1/1
    88 | D:1      | Reached XP level 2. HP: 22/22 MP: 2/2
   100 | D:1      | Reached skill level 5 in Polearms
   518 | D:1      | Reached XP level 3. HP: 24/27 MP: 3/3
   811 | D:2      | Found a basalt altar of Yredelemnul.
   833 | D:2      | Became a worshipper of Yredelemnul the Dark
   923 | D:2      | Found a bloodstained altar of Trog.
  1428 | D:2      | Reached XP level 4. HP: 34/34 MP: 4/4
  1519 | D:2      | Reached skill level 6 in Polearms
  2001 | D:3      | Reached skill level 1 in Stealth
  2028 | D:3      | Found a glowing silver altar of Zin.
  2070 | D:3      | Reached * piety under Yredelemnul
  2098 | D:3      | Reached skill level 5 in Dodging
  2098 | D:3      | Reached XP level 5. HP: 25/40 MP: 5/5
  2125 | D:3      | Reached skill level 1 in Armour
  2353 | D:3      | Found a white marble altar of Elyvilon.
  2530 | D:3      | Found a glowing golden altar of the Shining One.
  2530 | D:3      | Found a sparkling altar of Nemelex Xobeh.
  2531 | D:3      | Found a sacrificial altar of Ru.
  2667 | D:3      | Reached ** piety under Yredelemnul
  2878 | D:3      | Noticed Ijyb
  2887 | D:3      | Killed from afar by Ijyb

Vault maps used:
D:1:      minmay_arrival_three_doors
D:2:      lemuel_crystal_altar, trog_three_pillars_becter
D:3:      elyvilon_altar_5, zin_academy, gammafunk_temple_overflow_claw,
          kennysheep_nondescript, lemuel_old_faithful, uniq_ijyb

Skill      XL: |  1  2  3  4  5 |
---------------+----------------+-----
Polearms       | 5 6 |  6.8
Stealth        | 1 2 |  2.0
Dodging        | 5 |  5.1
Armour         | 1 |  1.1
Fighting       | 3 |  3.1
Throwing       | |  2.1
Invocations    | |  0.4

Action                   |  1- 3 |  4- 6 || total
-------------------------+-------+-------++-------
Melee: Trident           |   110 |   173 ||   283
 Stab: Sleeping          |     3 |     6 ||     9
       Distracted        |       |     2 ||     2
  Eat: Chunk             |     1 |     5 ||     6
Armor: Leather armour    |    22 |    31 ||    53
Dodge: Dodged            |    78 |   126 ||   204

Table legend:
 A = Spawn XP
 B = Non-spawn XP
 C = Spawn XP percentage of total XP
 D = Spawn monster count
 E = Non-spawn monster count
 F = Spawn count percentage of total count
 G = Total turns spent on level
                    A         B        C        D         E        F      G
               +---------+---------+-------+---------+---------+-------+---------
         Total |       0 |     311 |   0.0 |       0 |      83 |   0.0 |  2887
               +---------+---------+-------+---------+---------+-------+---------
           D:1 |       0 |      42 |   0.0 |       0 |      25 |   0.0 |   796
           D:2 |       0 |      72 |   0.0 |       0 |      19 |   0.0 |  1146
           D:3 |       0 |     197 |   0.0 |       0 |      39 |   0.0 |   945
               +---------+---------+-------+---------+---------+-------+---------
